General information
- name: BNet
- type: Ladder team game (AT/RT)
- host: Battle.net
- saver: GOSU.GOD.
map: TwilightRuins
- players: 8
- length: 14:09
- speed: Fast
- version: 1.26 W3XP
- replay type: Public
» download(117 KB)
Players
team 1 (winner)
Kratos.God (
purple | 85 APM | 1207 actions | 14:08)
4 Death Knight
2 Death Coil
2 Unholy Aura
2 Lich
1 Frost Nova
1 Frost Armor
» actions
| Assign group hotkey | 7 | |
| Basic commands | 110 | |
| Build / train | 65 | |
| Enter build submenu | 15 | |
| Enter hero's abilities submenu | 7 | |
| Give item / drop item | 7 | |
| Right click | 524 | |
| Select / deselect | 233 | |
| Select group hotkey | 181 | |
| Use ability | 58 | |
1207 total
» units
| Acolyte | 8 | |
| Ghoul | 16 | |
| Goblin Shredder | 1 | |
| Frost Wyrm | 4 | |
29 total
» upgrades
| Creature Attack | 2 | |
| Creature Carapace | 2 | |
| Freezing Breath | 1 | |
5 total
» buildings
| Crypt | 1 | |
| Ziggurat | 7 | |
| Altar of Darkness | 1 | |
| Tomb of Relics | 1 | |
| Graveyard | 1 | |
| Halls of the Dead | 2 | |
| Necropolis | 1 | |
| Sacrificial Pit | 1 | |
| Black Citadel | 1 | |
| Spirit Tower | 8 | |
| Boneyard | 3 | |
27 total
» build order
00:09 Crypt
00:11 Ziggurat
00:43 Altar of Darkness
00:58 Tomb of Relics
01:07 Ziggurat
02:30 Graveyard
02:53 Halls of the Dead
02:53 Halls of the Dead
04:08 Necropolis
05:29 Sacrificial Pit
05:40 Ziggurat
08:03 Black Citadel
08:13 Ziggurat
08:14 Ziggurat
08:15 Ziggurat
09:05 Spirit Tower
09:05 Spirit Tower
09:05 Spirit Tower
09:07 Ziggurat
09:08 Spirit Tower
09:10 Spirit Tower
09:10 Spirit Tower
09:59 Spirit Tower
10:30 Boneyard
10:31 Boneyard
10:33 Boneyard
» items
| Rod of Necromancy | 1 | |
| Potion of Healing | 1 | |
| Boots of Speed | 2 | |
| Circlet of Nobility | 2 | |
| Periapt of Vitality | 1 | |
| Orb of Corruption | 1 | |
8 total
GOSU.GOD. (
red | 81 APM | 1146 actions | 14:09)
4 Blademaster
2 Wind Walk
2 Critical Strike
3 Shadow Hunter
2 Hex
1 Healing Wave
» actions
| Assign group hotkey | 36 | |
| Basic commands | 2 | |
| Build / train | 42 | |
| Enter build submenu | 12 | |
| Enter hero's abilities submenu | 7 | |
| Right click | 512 | |
| Select / deselect | 118 | |
| Select group hotkey | 359 | |
| Use ability | 58 | |
1146 total
» units
» upgrades
| Ranged Weapons | 2 | |
| Armor | 1 | |
| Shaman Training | 1 | |
4 total
» buildings
| Altar of Storms | 1 | |
| Orc Burrow | 6 | |
| Barracks | 1 | |
| Stronghold | 2 | |
| War Mill | 1 | |
| Voodoo Lounge | 1 | |
| Beastiary | 2 | |
| Spirit Lodge | 1 | |
15 total
» build order
00:08 Altar of Storms
00:21 Orc Burrow
00:36 Barracks
01:23 Orc Burrow
02:44 Stronghold
02:44 Stronghold
03:18 Orc Burrow
03:55 Orc Burrow
04:17 War Mill
04:28 Voodoo Lounge
06:15 Beastiary
06:16 Beastiary
09:31 Spirit Lodge
10:36 Orc Burrow
12:15 Orc Burrow
» items
| Boots of Speed | 1 | |
| Healing Salve | 2 | |
| Lesser Clarity Potion | 2 | |
| Scroll of Town Portal | 1 | |
| Potion of Mana | 1 | |
7 total
HaNsTheBoSs (
yellow | 143 APM | 2015 actions | 14:08)
4 Blademaster
2 Wind Walk
2 Critical Strike
» actions
| Assign group hotkey | 20 | |
| Build / train | 30 | |
| Enter build submenu | 13 | |
| Enter hero's abilities submenu | 4 | |
| Right click | 807 | |
| Select / deselect | 84 | |
| Select group hotkey | 1029 | |
| Use ability | 28 | |
2015 total
» units
» upgrades
| Ranged Weapons | 2 | |
| Armor | 1 | |
| Envenomed Spears | 1 | |
4 total
» buildings
| Altar of Storms | 1 | |
| Orc Burrow | 5 | |
| Barracks | 1 | |
| Voodoo Lounge | 1 | |
| Stronghold | 1 | |
| War Mill | 1 | |
| Beastiary | 2 | |
| Great Hall | 1 | |
| Fortress | 1 | |
14 total
» build order
00:17 Altar of Storms
00:33 Orc Burrow
00:47 Barracks
01:56 Orc Burrow
02:22 Voodoo Lounge
03:41 Stronghold
04:07 Orc Burrow
05:35 War Mill
06:35 Beastiary
08:01 Orc Burrow
08:57 Beastiary
10:04 Great Hall
10:16 Fortress
11:45 Orc Burrow
» items
| Scroll of Speed | 1 | |
| Healing Salve | 2 | |
| Boots of Speed | 1 | |
4 total
AchillesLaStand (
teal | 43 APM | 614 actions | 14:08)
4 Demon Hunter
2 Mana Burn
2 Evasion
3 Priestess of the Moon
2 Trueshot Aura
1 Scout
» actions
| Assign group hotkey | 12 | |
| Basic commands | 1 | |
| Build / train | 56 | |
| ESC pressed | 1 | |
| Enter build submenu | 17 | |
| Enter hero's abilities submenu | 7 | |
| Give item / drop item | 1 | |
| Right click | 136 | |
| Select / deselect | 225 | |
| Select group hotkey | 123 | |
| Use ability | 35 | |
614 total
» units
| Wisp | 18 | |
| Archer | 6 | |
| Huntress | 1 | |
| Hippogryph | 2 | |
| Chimaera | 10 | |
37 total
» upgrades
| Ultravision | 1 | |
| Strength of the Wild | 3 | |
| Reinforced Hides | 3 | |
| Corrosive Breath | 1 | |
8 total
» buildings
| Altar of Elders | 1 | |
| Moon Well | 8 | |
| Ancient of War | 1 | |
| Hunter's Hall | 1 | |
| Tree of Ages | 1 | |
| Tree of Life | 1 | |
| Tree of Eternity | 1 | |
| Ancient of Wind | 1 | |
| Chimaera Roost | 3 | |
18 total
» build order
00:08 Altar of Elders
00:22 Moon Well
01:08 Moon Well
01:25 Ancient of War
01:57 Hunter's Hall
02:57 Moon Well
04:30 Tree of Ages
05:33 Tree of Life
06:09 Moon Well
06:56 Tree of Eternity
06:58 Ancient of Wind
09:19 Chimaera Roost
09:20 Chimaera Roost
09:21 Chimaera Roost
09:56 Moon Well
11:29 Moon Well
12:04 Moon Well
13:42 Moon Well
team 2 (loser)
urMOMisFAT (
pink | 71 APM | 978 actions | 13:43)
3 Tauren Chieftain
1 War Stomp
2 Endurance Aura
2 Shadow Hunter
1 Hex
1 Healing Wave
» actions
| Assign group hotkey | 18 | |
| Build / train | 55 | |
| Enter build submenu | 23 | |
| Enter hero's abilities submenu | 5 | |
| Give item / drop item | 1 | |
| Right click | 602 | |
| Select / deselect | 196 | |
| Select group hotkey | 1 | |
| Use ability | 77 | |
978 total
» units
» upgrades
| Spirit Walker Training | 1 | |
| Reinforced Defenses | 1 | |
| Pulverize | 1 | |
3 total
» buildings
| Altar of Storms | 1 | |
| Orc Burrow | 4 | |
| Barracks | 1 | |
| Voodoo Lounge | 1 | |
| Stronghold | 3 | |
| Great Hall | 2 | |
| Fortress | 1 | |
| War Mill | 1 | |
| Spirit Lodge | 1 | |
| Tauren Totem | 1 | |
| Watch Tower | 6 | |
22 total
» build order
00:12 Altar of Storms
00:17 Orc Burrow
00:29 Barracks
01:44 Orc Burrow
01:57 Voodoo Lounge
02:59 Stronghold
02:59 Stronghold
02:59 Stronghold
04:00 Orc Burrow
04:38 Great Hall
05:25 Fortress
05:36 War Mill
06:53 Spirit Lodge
08:23 Tauren Totem
09:36 Orc Burrow
09:52 Great Hall
09:55 Watch Tower
09:59 Watch Tower
10:10 Watch Tower
11:50 Watch Tower
11:55 Watch Tower
12:42 Watch Tower
» items
| Healing Salve | 4 | |
| Orb of Lightning | 1 | |
| Lesser Clarity Potion | 1 | |
| Scroll of Town Portal | 1 | |
7 total
rushFORwin (
green | 94 APM | 1305 actions | 13:50)
3 Mountain King
2 Storm Bolt
1 Bash
» actions
| Assign group hotkey | 15 | |
| Basic commands | 21 | |
| Build / train | 77 | |
| ESC pressed | 6 | |
| Enter build submenu | 25 | |
| Enter hero's abilities submenu | 3 | |
| Give item / drop item | 8 | |
| Right click | 470 | |
| Select / deselect | 324 | |
| Select group hotkey | 287 | |
| Use ability | 69 | |
1305 total
» units
| Peasant | 14 | |
| Footman | 14 | |
| Dragonhawk Rider | 6 | |
34 total
» upgrades
| Masonry | 1 | |
| Lumber Harvesting | 1 | |
| Cloud | 1 | |
3 total
» buildings
| Farm | 7 | |
| Barracks | 1 | |
| Altar of Kings | 1 | |
| Scout Tower | 2 | |
| Arcane Tower | 6 | |
| Lumber Mill | 2 | |
| Keep | 1 | |
| Blacksmith | 1 | |
| Arcane Vault | 1 | |
| Castle | 7 | |
| Gryphon Aviary | 2 | |
| Guard Tower | 4 | |
| Town Hall | 1 | |
36 total
» build order
00:10 Farm
00:15 Barracks
00:17 Altar of Kings
00:49 Scout Tower
01:34 Farm
01:54 Arcane Tower
01:54 Arcane Tower
01:55 Arcane Tower
01:55 Arcane Tower
02:10 Lumber Mill
03:25 Lumber Mill
03:32 Farm
04:34 Keep
04:42 Farm
04:53 Blacksmith
05:16 Arcane Vault
06:34 Scout Tower
06:56 Castle
06:57 Castle
06:57 Castle
06:57 Castle
07:00 Gryphon Aviary
07:03 Farm
07:08 Farm
08:31 Gryphon Aviary
09:49 Guard Tower
09:50 Guard Tower
10:19 Town Hall
10:38 Guard Tower
11:29 Farm
» items
| Boots of Speed | 1 | |
| Staff of Teleportation | 1 | |
| Dust of Appearance | 1 | |
| Lesser Clarity Potion | 3 | |
| Potion of Mana | 1 | |
| Scroll of Town Portal | 1 | |
| Potion of Lesser Invulnerability | 1 | |
| Ivory Tower | 3 | |
| Scroll of Regeneration | 1 | |
13 total
princeofpersia. (
orange | 28 APM | 390 actions | 14:02)
2 Crypt Lord
1 Impale
1 Spiked Carapace
1 Death Knight
1 Death Coil
» actions
| Assign group hotkey | 6 | |
| Build / train | 36 | |
| ESC pressed | 2 | |
| Enter build submenu | 22 | |
| Enter hero's abilities submenu | 4 | |
| Remove unit from queue | 1 | |
| Right click | 92 | |
| Select / deselect | 107 | |
| Select group hotkey | 98 | |
| Use ability | 22 | |
390 total
» units
| Acolyte | 7 | |
| Ghoul | 4 | |
| Crypt Fiend | 6 | |
| Obsidian Statue | 1 | |
18 total
» upgrades
| Creature Attack | 2 | |
| Creature Carapace | 1 | |
| Web | 1 | |
4 total
» buildings
| Ziggurat | 10 | |
| Altar of Darkness | 1 | |
| Crypt | 1 | |
| Graveyard | 1 | |
| Nerubian Tower | 1 | |
| Tomb of Relics | 1 | |
| Halls of the Dead | 1 | |
| Spirit Tower | 5 | |
| Slaughterhouse | 1 | |
| Sacrificial Pit | 1 | |
| Necropolis | 1 | |
| Black Citadel | 1 | |
25 total
» build order
00:09 Ziggurat
00:11 Altar of Darkness
00:53 Crypt
00:59 Ziggurat
01:21 Graveyard
01:31 Nerubian Tower
02:37 Tomb of Relics
02:49 Ziggurat
04:50 Halls of the Dead
05:08 Ziggurat
06:11 Spirit Tower
07:14 Ziggurat
07:17 Slaughterhouse
07:35 Sacrificial Pit
10:24 Necropolis
10:34 Black Citadel
11:52 Ziggurat
11:54 Ziggurat
11:56 Ziggurat
11:59 Ziggurat
12:02 Ziggurat
12:46 Spirit Tower
12:48 Spirit Tower
12:51 Spirit Tower
12:58 Spirit Tower

»
Mr.Miller (
blue | 61 APM | 857 actions | 14:07)
3 Priestess of the Moon
1 Scout
2 Trueshot Aura
2 Keeper of the Grove
1 Entangling Roots
1 Force of Nature
» actions
| Assign group hotkey | 23 | |
| Build / train | 51 | |
| Enter build submenu | 29 | |
| Enter hero's abilities submenu | 5 | |
| Give item / drop item | 2 | |
| Right click | 236 | |
| Select / deselect | 200 | |
| Select group hotkey | 251 | |
| Use ability | 60 | |
857 total
» units
| Wisp | 19 | |
| Archer | 8 | |
| Goblin Shredder | 1 | |
| Hippogryph | 5 | |
| Chimaera | 5 | |
38 total
» upgrades
| Strength of the Wild | 2 | |
| Corrosive Breath | 1 | |
3 total
» buildings
| Altar of Elders | 1 | |
| Moon Well | 11 | |
| Ancient of War | 1 | |
| Tree of Ages | 1 | |
| Tree of Life | 1 | |
| Hunter's Hall | 1 | |
| Ancient Protector | 6 | |
| Tree of Eternity | 1 | |
| Ancient of Wind | 2 | |
| Ancient of Wonders | 1 | |
| Chimaera Roost | 3 | |
29 total
» build order
00:09 Altar of Elders
00:17 Moon Well
00:47 Ancient of War
01:20 Moon Well
02:01 Moon Well
03:33 Tree of Ages
04:24 Tree of Life
04:57 Hunter's Hall
05:02 Moon Well
06:25 Ancient Protector
07:57 Tree of Eternity
08:33 Ancient of Wind
08:37 Ancient of Wonders
08:54 Ancient Protector
09:01 Moon Well
09:33 Ancient Protector
09:37 Ancient Protector
09:43 Moon Well
10:42 Chimaera Roost
10:45 Chimaera Roost
10:51 Chimaera Roost
11:02 Moon Well
11:11 Ancient Protector
11:15 Ancient Protector
11:38 Moon Well
11:42 Moon Well
12:05 Moon Well
12:37 Ancient of Wind
12:42 Moon Well
» items
Chat log
(00:13 / Allies) Kratos.God: wyrms
(00:28 / Allies) AchillesLaStand: chims, couple hippos
(00:34 / Allies) Kratos.God: yellos is bad
(04:45 / Allies) GOSU.GOD.: lets hit expos?
(04:51 / Allies) Kratos.God: meet
(04:56 / Allies) GOSU.GOD.: green there i think
(05:18 / Allies) Kratos.God: creep and use scan
(07:06 / Allies) Kratos.God: hit
(07:26 / Allies) Kratos.God: altar
(08:01 / Allies) Kratos.God: b
(08:18 / Allies) Kratos.God: BACK
(08:37 / Allies) GOSU.GOD.: feel free to help us teal
(08:55 / Allies) Kratos.God: wood me
(10:28 / Allies) HaNsTheBoSs: YEAH
(10:48 / All) urMOMisFAT: WOW
(10:52 / All) urMOMisFAT: NEWB HACKER IN THE HOUSE
(10:54 / All) GOSU.GOD.: im not maphacking so it aint me lolz
(11:13 / Allies) HaNsTheBoSs: WHAT?
(11:16 / Allies) Kratos.God: wait
(11:19 / Allies) Kratos.God: wyrms coming
(11:23 / Allies) HaNsTheBoSs: OK
(11:26 / Allies) AchillesLaStand: chims pumping
(11:31 / All) urMOMisFAT: kids horrible and obvious
(11:36 / All) HaNsTheBoSs: LOL
(11:38 / All) HaNsTheBoSs: U BAD NOOB
(11:44 / All) urMOMisFAT: hack more scrub
(12:37 / Allies) Kratos.God: get oj
(12:41 / Allies) Kratos.God: main
(12:57 / Allies) Kratos.God: MAIN
(13:35 / All) Kratos.God: GG
(13:40 / All) urMOMisFAT: yup
(13:50 / All) GOSU.GOD.: pink used to be rank 1